 Dungeon Crawl Stone Soup version 0.25-a0-578-gc91f01c (webtiles) character file.

Game seed: 8333325134029602569, levelgen mode: deterministic

28179 Faels the Slicer (level 13, -1/91 (93) HPs)
             Began as a Demonspawn Fighter on Mar 4, 2020.
             Was a High Priest of Okawaru.
             Splashed by an oklob plant's acid (14 damage)
             ... on level 5 of the Lair of Beasts on Mar 5, 2020.
             The game lasted 01:11:06 (24144 turns).

Faels the Slicer (Demonspawn Fighter)              Turns: 24144, Time: 01:11:07

HP:   -1/91 (93)    AC:  6    Str: 21    XL:     13   Next: 8%
MP:   0/17          EV: 30    Int:  9    God:    Okawaru [*****.]
Gold: 996           SH: 17    Dex: 16    Spells: 12/12 levels left

rFire    + + +     SeeInvis .   g - +3 rapier of Agony {venom, rF+++ MR- Str+2 Stlth+}
rCold    . . .     Gourm    .   c - +5 kite shield
rNeg     . . .     Faith    .   M - +3 ring mail {rPois}
rPois    +         Spirit   +   (helmet restricted)
rElec    .         Reflect  .   V - scarf {Spirit}
rCorr    .         Harm     .   (no gloves)
MR       .....                  t - +0 pair of boots
Stlth    ++++++....             r - amulet of the acrobat
HPRegen  0.25/turn              b - ring of protection from magic
MPRegen  0.15/turn              a - +2 ring of evasion

@: corroded, acrobat, studying Shields
A: antennae 1, nightstalker 2, powered by pain 1
a: Heroism, Finesse, Renounce Religion


You were on level 5 of the Lair of Beasts.
You worshipped Okawaru.
Okawaru was extremely pleased with you.
You were not hungry.

You visited 3 branches of the dungeon, and saw 16 of its levels.
You also visited: Bailey.

You collected 996 gold pieces.

Inventory:

Hand Weapons
 g - the +3 rapier of Agony (weapon) {venom, rF+++ MR- Str+2 Stlth+}
   (You acquired it on level 9 of the Dungeon)

   It poisons the flesh of those it strikes.
   It affects your strength (+2).
   It renders you almost immune to fire.
   It affects your resistance to hostile enchantments.
   It makes you more stealthy.
 q - a +3 scimitar of freezing
 E - a +0 falchion of protection
 K - a +1 vampiric dagger
 U - a +3 short sword of draining
 X - the +3 whip "Kitoita" {drain, +Inv Str+4 Dex+5}
   (You took it off a big kobold on level 5 of the Dungeon)

   A truly terrible weapon, it drains the life of those it strikes.
   It affects your strength (+4).
   It affects your dexterity (+5).
   It lets you turn invisible.
Missiles
 h - 54 poisoned darts (quivered)
 p - 20 javelins
 x - 6 atropa-tipped darts
 S - 6 datura-tipped darts
Armour
 c - a +5 kite shield (worn)
 t - a +0 pair of boots (worn)
 A - a +1 robe of magic resistance
 C - a +1 cloak
 M - a +3 ring mail of poison resistance (worn)
 V - a scarf of spirit shield (worn)
Jewellery
 a - a +2 ring of evasion (right hand)
 b - a ring of protection from magic (left hand)
 r - an amulet of the acrobat (around neck)
 J - an uncursed ring of flight
Wands
 l - a wand of flame (53)
 w - a wand of disintegration (9)
 y - a wand of paralysis (8)
 B - a wand of digging (2)
 O - a wand of acid (17)
 P - a wand of enslavement (18)
Scrolls
 e - a scroll of fear
 n - 8 scrolls of teleportation
 u - 4 scrolls of blinking
 v - 4 scrolls of remove curse
 z - 2 scrolls of amnesia
 F - 2 scrolls of torment
 W - a scroll of silence {unknown}
Potions
 i - 2 potions of flight
 j - 2 potions of ambrosia
 k - 2 potions of resistance
 m - a potion of stabbing {unknown}
 o - 4 potions of curing
 s - a potion of magic {unknown}
 D - 2 potions of invisibility
 G - a potion of berserk rage
 H - a potion of brilliance
 L - a potion of cancellation {unknown}
 N - a potion of lignification {unknown}
 Q - a potion of haste {unknown}
 R - 2 potions of heal wounds
 T - a potion of experience {unknown}
 Y - 3 potions of mutation {unknown}
Books
 d - a manual of Shields
Comestibles
 f - 14 rations


   Skills:
 - Level 5.9 Fighting
 - Level 13.9(14.0) Short Blades
 - Level 2.9(9.7) Long Blades
 - Level 6.1 Throwing
 - Level 4.3 Armour
 - Level 4.7 Dodging
 - Level 5.8 Stealth
 + Level 10.3 Shields
 - Level 5.8 Invocations
 - Level 3.2 Evocations


You had 12 spell levels left.
You didn't know any spells.
Your spell library contained the following spells:

 Spells                   Type           Power        Failure   Level  Hunger
 Animate Skeleton         Necr           N/A          75%         1    ##.....
 Corona                   Hex            #......      75%         1    ##.....
 Freeze                   Ice            #...         75%         1    ##.....
 Summon Butterflies       Summ           #.......     75%         1    ##.....
 Ensorcelled Hibernation  Hex/Ice        #.....       87%         2    ###....
 Passwall                 Tmut/Erth      #.......     87%         2    ###....
 Poisonous Vapours        Pois/Air       #.....       87%         2    ###....
 Sublimation of Blood     Necr           #.........   87%         2    ###....
 Swiftness                Chrm/Air       #.......     87%         2    ###....
 Call Canine Familiar     Summ           #.......     98%         3    ####...
 Confusing Touch          Hex            #.......     98%         3    ####...
 Conjure Flame            Conj/Fire      #.......     98%         3    ####...
 Dazzling Flash           Conj/Hex       #.....       98%         3    ####...
 Frozen Ramparts          Ice            #.....       98%         3    ####...
 Mephitic Cloud           Conj/Pois/Air  #.......     98%         3    ####...
 Ozocubu's Armour         Chrm/Ice       #.......     98%         3    ####...
 Tukima's Dance           Hex            #.......     98%         3    ####...
 Hailstorm                Conj/Ice       #.......     100%        4    #####..
 Passage of Golubria      Tloc           N/A          100%        4    #####..
 Summon Ice Beast         Ice/Summ       #.......     100%        4    #####..
 Lee's Rapid Deconstruct  Erth           #.........   100%        5    ######.
 Summon Demon             Summ           #.........   100%        5    ######.
 Summon Forest            Summ/Tloc      #.........   100%        5    ######.
 Summon Mana Viper        Hex/Summ       #.......     100%        5    ######.
 Darkness                 Hex            #.........   100%        6    #######
 Freezing Cloud           Conj/Ice/Air   #.........   100%        6    #######
 Invisibility             Hex            #.......     100%        6    #######
 Shadow Creatures         Summ           N/A          100%        6    #######
 Ring of Flames           Chrm/Fire      #.........   100%        7    #######


Dungeon Overview and Level Annotations

Branches:
Dungeon (10/15)            Temple (1/1) D:7            Lair (5/6) D:10
  Swamp (0/4) Lair:4        Snake (0/4) Lair:3       Bailey (visited)
  Slime: Lair:5-6       Orc: D:9-12

Altars:
Ashenzari
Cheibriados
Dithmenos
Elyvilon
Fedhas
Gozag
Hepliaklqana
Kikubaaqudgha
Makhleb
Nemelex Xobeh
Okawaru
Qazlal
Ru
Sif Muna
Trog
Uskayaw
Vehumet
Wu Jian
Xom
Yredelemnul
Zin
The Shining One

Annotations:
D:6 1 runed translucent door
D:9 2 transporters, Mango's ghost, journeyman MfBe
Lair:3 exclusion: 2 oklob plants
Lair:5 exclusion: 3 oklob plants


Innate Abilities, Weirdness & Mutations

You have a pair of small antennae on your head.
You are significantly more attuned to the shadows.
You sometimes gain a little power by taking damage.


Message History

The oklob plant is severely damaged.
You hit the oklob plant but do no damage.
The oklob plant is severely damaged.
You puncture the oklob plant!
The oklob plant is poisoned.
The oklob plant is severely damaged.
The oklob plant spits acid at you. You block the splash of acid.
You hit the oklob plant but do no damage.
The oklob plant looks as sick as possible!
The oklob plant is severely damaged.
You hit the oklob plant but do no damage.
The oklob plant is severely damaged.
The oklob plant spits acid at you. The splash of acid hits you!
The acid corrodes you!
You are splashed with acid!
* * * LOW HITPOINT WARNING * * *
The oklob plant spits acid at you. The splash of acid hits you!
* * * LOW HITPOINT WARNING * * *
You are splashed with acid!
You die...

#####..#######.(............##
## #### #.#......P######
##........# #.#P.PPP###
#.#.(.=$# #.#!).=.# #.#.(.P:#
#.#!(?[P# #..@?P..# #########


You could see 3 oklob plants.

Vanquished Creatures
  An orc warlord (Bailey)
  A two-headed ogre (D:10)
  A death yak (Lair:4)
  2 orc knights (Bailey)
  An oklob plant (Lair:5)
  2 black mambas
  7 elephants
  6 spiny frogs
  The ghost of malesh the Spear-Bearer, a novice MfGl (D:5)
  7 komodo dragons
  5 rime drakes
  A hornet (D:10)
  A polar bear (Lair:2)
  4 hippogriffs
  5 blink frogs (Lair:5)
  A wyvern (Lair:1)
  2 hungry ghosts (D:9)
  28 yaks
  4 basilisks
  Edmund (D:5)
  3 nagas (Lair:3)
  8 water moccasins
  2 porcupines
  13 orc warriors
  2 sky beasts (D:5)
  4 ice beasts
  3 necrophages
  A hornet zombie (D:9)
  8 wolves
  2 black bears
  2 ogres
  5 centaurs
  7 crocodiles
  Blork the orc (D:4)
  2 big kobolds (D:5)
  11 bullfrogs
  3 scorpions
  4 killer bees (D:10)
  6 wights
  An electric eel (D:9)
  3 howler monkeys (D:7)
  A jelly (D:10)
  2 bullfrog zombies
  8 crimson imps
  6 hounds
  7 orc priests
  18 orc wizards
  A bullfrog skeleton (D:6)
  6 hell rats (Lair:4)
  7 iguanas
  2 worker ants
  A killer bee zombie (D:10)
  A mummy (D:7)
  8 gnolls
  A worker ant zombie (D:8)
  15 adders
  A howler monkey skeleton (D:4)
  A shadow imp (D:8)
  An ooze (D:1)
  An adder skeleton (D:8)
  4 worms
  6 dart slugs
  4 leopard geckos
  77 orcs
  A ball python (D:4)
  7 giant cockroaches
  24 goblins
  17 hobgoblins
  17 jackals
  16 kobolds
  3 quokkas
  3 bats
  3 frilled lizards
  A giant cockroach zombie (D:6)
  2 jackal skeletons
  A leopard gecko skeleton (D:4)
  A quokka skeleton (D:9)
  10 rats
  A bush (Lair:5)
  2 plants (Lair:5)
460 creatures vanquished.

Vanquished Creatures (others)
  4 fungi
  22 plants
26 creatures vanquished.

Grand Total: 486 creatures vanquished

Notes
Turn   | Place    | Note
-------+----------+-------------------------------------------
     0 | D:1      | Faels the Demonspawn Fighter began the quest for the Orb.
     0 | D:1      | Reached XP level 1. HP: 18/18 MP: 1/1
   260 | D:1      | Gained mutation: You sometimes gain a little power by
                  | taking damage. [demonic ancestry]
   260 | D:1      | Reached XP level 2. HP: 24/24 MP: 2/2
   394 | D:1      | Reached skill level 1 in Dodging
   604 | D:1      | Reached XP level 3. HP: 29/29 MP: 3/3
   891 | D:2      | Reached skill level 1 in Short Blades
   984 | D:2      | Reached XP level 4. HP: 22/35 MP: 4/4
  1219 | D:2      | Reached skill level 2 in Short Blades
  1219 | D:2      | Reached skill level 1 in Throwing
  1558 | D:2      | Found a glowing silver altar of Zin.
  1635 | D:2      | Found a basalt altar of Yredelemnul.
  1763 | D:2      | Found a white marble altar of Elyvilon.
  1867 | D:3      | Reached XP level 5. HP: 41/41 MP: 5/5
  1871 | D:3      | Reached skill level 3 in Short Blades
  2055 | D:3      | Noticed a moth of wrath
  2068 | D:3      | Found a bloodstained altar of Trog.
  2527 | D:3      | Found a burning altar of Makhleb.
  2611 | D:3      | Reached skill level 4 in Short Blades
  2752 | D:3      | Found a sacrificial altar of Ru.
  3104 | D:4      | Gained mutation: You are slightly more attuned to the
                  | shadows. [demonic ancestry]
  3104 | D:4      | Reached XP level 6. HP: 35/47 MP: 6/6
  3365 | D:4      | Reached skill level 5 in Short Blades
  3743 | D:4      | Reached XP level 7. HP: 36/52 MP: 7/7
  3940 | D:4      | Reached skill level 6 in Short Blades
  4477 | D:4      | Found an ancient bone altar of Kikubaaqudgha.
  4590 | D:5      | Entered Level 5 of the Dungeon
  4595 | D:5      | Found a runed translucent gate.
  4596 | D:5      | Found a runed translucent gate.
  4596 | D:5      | Noticed malesh's ghost (novice MfGl)
  4597 | D:5      | Found a runed translucent gate.
  4597 | D:5      | Identified the +3 whip "Kitoita" {drain, +Inv Str+4 Dex+5}
  4615 | D:5      | Noticed Blork the orc
  4637 | D:4      | Killed Blork the orc
  4637 | D:4      | Reached skill level 7 in Short Blades
  4873 | D:5      | Reached XP level 8. HP: 49/58 MP: 8/8
  4999 | D:5      | Reached skill level 8 in Short Blades
  5250 | D:5      | Noticed Edmund
  5264 | D:5      | Killed Edmund
  5793 | D:5      | Found a basalt altar of Yredelemnul.
  6273 | D:5      | Reached skill level 9 in Short Blades
  7806 | D:6      | Gained mutation: You have a pair of small antennae on your
                  | head. [demonic ancestry]
  7806 | D:6      | Reached XP level 9. HP: 32/64 MP: 9/9
  8014 | D:6      | Found a runed translucent door.
  8014 | D:6      | Found a white marble altar of Elyvilon.
  8014 | D:6      | Noticed an angel
  8210 | D:6      | Found a sparkling altar of Nemelex Xobeh.
  8619 | D:7      | Found a staircase to the Ecumenical Temple.
  8627 | Temple   | Entered the Ecumenical Temple
  8722 | Temple   | Became a worshipper of Warmaster Okawaru
  9837 | D:7      | Found a snail-covered altar of Cheibriados.
 10182 | D:8      | Reached skill level 1 in Stealth
 10203 | D:8      | Identified the Collected Works on Companions
 10253 | D:8      | Found a shattered altar of Ashenzari.
 10372 | D:8      | Found a radiant altar of Vehumet.
 10483 | D:8      | Found an opulent altar of Gozag.
 11111 | D:9      | Identified a scroll of acquirement
 11111 | D:9      | Identified the +3 rapier of Agony {venom, rF+++ MR- Str+2
                  | Stlth+} (You acquired it on level 9 of the Dungeon)
 11111 | D:9      | Identified the ring "Qiukahu" {Fire rElec Slay-5 Stlth+}
                  | (You acquired it on level 9 of the Dungeon)
 11149 | D:9      | Found a flagged portal.
 11186 | Bailey   | Entered a bailey
 11271 | Bailey   | Reached * piety under Okawaru
 11271 | Bailey   | Reached skill level 10 in Short Blades
 11498 | Bailey   | Noticed an orc knight
 11534 | Bailey   | Killed an orc knight
 11534 | Bailey   | Reached XP level 10. HP: 46/70 MP: 6/10
 11905 | Bailey   | Reached skill level 11 in Short Blades
 12160 | Bailey   | Noticed an orc warlord
 12323 | Bailey   | Identified the +4 hand crossbow "Judwe" {venom, *Corrode
                  | +Inv rC+++ Int+3} (You acquired it in a bailey)
 12664 | Bailey   | Noticed an orc knight
 12669 | Bailey   | Killed an orc warlord
 12669 | Bailey   | Reached skill level 12 in Short Blades
 12683 | Bailey   | Killed an orc knight
 13135 | D:9      | Reached ** piety under Okawaru
 13205 | D:9      | Found a bloodstained altar of Trog.
 13536 | D:9      | Found a shimmering blue altar of Sif Muna.
 13639 | D:9      | Found a transporter.
 13640 | D:9      | Found a transporter.
 13650 | D:9      | Noticed Mango's ghost (journeyman MfBe)
 13920 | D:5      | Killed malesh's ghost
 13920 | D:5      | Reached skill level 13 in Short Blades
 13920 | D:5      | Gained mutation: You are significantly more attuned to the
                  | shadows. [demonic ancestry]
 13920 | D:5      | Reached XP level 11. HP: 62/75 MP: 9/11
 14147 | D:10     | Entered Level 10 of the Dungeon
 14391 | D:10     | Reached *** piety under Okawaru
 14527 | D:10     | Found a staircase to the Lair.
 15359 | D:10     | Noticed a two-headed ogre
 15390 | D:10     | Killed a two-headed ogre
 15390 | D:10     | Reached **** piety under Okawaru
 15757 | Lair:1   | Entered Level 1 of the Lair of Beasts
 16042 | Lair:1   | Reached skill level 5 in Throwing
 16353 | Lair:1   | Reached ***** piety under Okawaru
 16388 | Lair:1   | Reached skill level 1 in Invocations
 17201 | Lair:1   | Received a gift from Okawaru
 17539 | Lair:2   | Reached XP level 12. HP: 71/82 MP: 15/15
 17760 | Lair:2   | Reached skill level 5 in Invocations
 18525 | Lair:2   | Reached skill level 1 in Evocations
 18532 | Lair:2   | Reached skill level 5 in Fighting
 18543 | Lair:2   | Received a gift from Okawaru
 18830 | Lair:2   | Reached skill level 5 in Stealth
 19275 | Lair:3   | Found a staircase to the Snake Pit.
 19780 | Lair:3   | Reached skill level 5 in Shields
 20531 | Lair:4   | Received a gift from Okawaru
 20636 | Lair:4   | Noticed a catoblepas
 21011 | Lair:4   | Found a staircase to the Swamp.
 21447 | Lair:4   | Noticed a death yak
 21515 | Lair:4   | Killed a death yak
 21515 | Lair:4   | Received a gift from Okawaru
 22577 | Lair:5   | Reached XP level 13. HP: 76/91 MP: 12/17
 22623 | Lair:5   | Received a gift from Okawaru
 22623 | Lair:5   | Reached skill level 10 in Shields
 22744 | Lair:5   | Identified the Almanac of Necromancy and the Voyage
 24144 | Lair:5   | Splashed by an oklob plant's acid

Levels and vault maps discovered:
D:1:      grunt_arrival_crossed_arrows, layout_basic, minmay_heptomino_h4
D:2:      layout_basic, overflow_temple_1_default,
          lemuel_coloured_pillars_altar, marbit_many_paths,
          minmay_tree_intersection, kennysheep_minor_cross,
          chequers_serial_rivers_room_a
D:3:      layout_loops_ring, makhleb_heckhound_becter, tgw_trog,
          nicolae_ru_sacrificial_ziggurat
D:4:      layout_cave_pools, kiku_gazebo_garden_becter, first_ration,
          minmay_crossroads
D:5:      layout_cave_pools, basic_altar, gammafunk_ghost_nasty_kobolds,
          uniq_blork_the_orc, uniq_edmund
D:6:      layout_rooms, lemuel_crystal_altar, lemuel_angel_altar
D:7:      layout_cave_pools, kennysheep_little_box,
          minmay_temple_entry_large_hall, serial_undead, serial_undead_b,
          serial_undead_c, serial_undead_b, serial_undead_c
D:8:      layout_basic, kennysheep_mini_moat, grunt_temple_overflow_open,
          minivault_11, chequers_serial_rivers_large_a
D:9:      layout_basic, lemuel_crystal_altar, basic_altar, enter_bailey_7,
          gammafunk_ghost_hive
D:10:     layout_grid_maze, david_lair_generic
Temple:   compressed_dpeg_triangle_lava_temple
Lair:1:   layout_roguey
Lair:2:   layout_small_grid, st_stairs_6, infiniplex_staircase_pool_2,
          grunt_megastairs_5
Lair:3:   dpeg_oklob_gauntlet, layout_chaotic_city, guppyfry_snake_entry_island,
          chequers_serial_rivers_micro_e, cheibrodos_lair_caveside_slide
Lair:4:   layout_regular_city, minmay_swamp_entry_reptiles,
          nicolae_lair_yak_garden
Lair:5:   layout_roguey, serial_forest, infiniplex_forest_side_room,
          infiniplex_forest_lined_2, infiniplex_forest_lined_1,
          infiniplex_forest_straight_2, infiniplex_forest_clump_tiny,
          infiniplex_forest_clump_tiny, infiniplex_forest_clump_medium,
          grunt_megastairs_4, minmay_lair_oklob_chamber

Skill      XL: |  1  2  3  4  5  6  7  8  9 10 11 12 13 |
---------------+----------------------------------------+-----
Long Blades    | 2 |  2.9
Dodging        | 1 2 3 4 |  4.7
Short Blades   | 1 2 4 5 7 9 10 13 | 13.9
Throwing       | 1 3 6 |  6.1
Armour         | 3 4 |  4.3
Shields        | 3 4 9 10 | 10.3
Fighting       | 4 5 |  5.9
Stealth        | 1 3 5 |  5.8
Invocations    | 4 5 |  5.8
Evocations     | 3 |  3.2

Action                   |  1- 3 |  4- 6 |  7- 9 | 10-12 | 13-15 || total
-------------------------+-------+-------+-------+-------+-------++-------
Melee: Long sword        |    62 |       |       |       |       ||    62
       Dagger            |    65 |   209 |   903 |       |       ||  1177
       Rapier            |       |       |   109 |  1107 |    75 ||  1291
       Falchion          |       |       |     3 |       |       ||     3
Throw: Dart              |     2 |       |    22 |    20 |       ||    44
       Javelin           |       |       |     5 |    11 |       ||    16
Invok: Heroism           |       |       |     2 |     6 |     1 ||     9
Evoke: Wand              |       |       |     2 |     1 |     3 ||     6
  Use: Potion            |     1 |     2 |     1 |     1 |       ||     5
       Scroll            |       |     9 |    11 |    16 |     3 ||    39
 Stab: Sleeping          |       |       |     2 |    28 |       ||    30
       Distracted        |       |       |       |     2 |     1 ||     3
  Eat: Chunk             |       |     9 |    19 |    27 |     2 ||    57
       Ration            |       |       |     2 |     3 |     1 ||     6
Armor: Scale mail        |    47 |    74 |    76 |       |       ||   197
       Plate armour      |       |       |    87 |       |       ||    87
       Chain mail        |       |       |    79 |       |       ||    79
       Ring mail         |       |       |    39 |   133 |     4 ||   176
Dodge: Dodged            |    34 |    64 |   194 |   303 |    20 ||   615
Block: Kite shield       |    58 |    77 |   321 |   445 |    33 ||   934
       Rpst.: Long sword |     2 |       |       |       |       ||     2

Table legend:
 A = Non-vault XP
 B = Vault XP
 C = Vault XP percentage of total XP
 D = Non-vault monster count
 E = Vault monster count
 F = Vault count percentage of total count
                 A         B        C        D         E       F
            +---------+---------+-------+---------+---------+-------
      Total |   28746 |   11511 |  28.6 |     336 |     121 |  26.5
            +---------+---------+-------+---------+---------+-------
        D:1 |      53 |       6 |  10.2 |      25 |       3 |  10.7
        D:2 |     109 |       2 |   1.8 |      16 |       1 |   5.9
        D:3 |     123 |      62 |  33.5 |      16 |       6 |  27.3
        D:4 |     681 |     100 |  12.8 |      31 |       1 |   3.1
        D:5 |    1002 |     774 |  43.6 |      30 |      12 |  28.6
        D:6 |     885 |     184 |  17.2 |      22 |       2 |   8.3
        D:7 |     948 |     140 |  12.9 |      29 |       2 |   6.5
        D:8 |     268 |       0 |   0.0 |      17 |       0 |   0.0
        D:9 |    1341 |      34 |   2.5 |      27 |       4 |  12.9
       D:10 |    2522 |     844 |  25.1 |      31 |       4 |  11.4
     Lair:1 |    6083 |     522 |   7.9 |      28 |       2 |   6.7
     Lair:2 |    5008 |     780 |  13.5 |      17 |       3 |  15.0
     Lair:3 |    1363 |     489 |  26.4 |       9 |       3 |  25.0
     Lair:4 |    4294 |    2011 |  31.9 |      22 |       8 |  26.7
     Lair:5 |    4066 |     930 |  18.6 |      16 |       3 |  15.8
     Bailey |       0 |    4633 | 100.0 |       0 |      67 | 100.0
            +---------+---------+-------+---------+---------+-------
